AoeStats
← Smoke

Arabia

509708743Analyzed
2v2 RM · 5d ago on Sep 27, 2026· 62m 8s· 4 players
Game mode
Random Map
Map size
Medium (4 player)
Population
200
Speed
Normal
Resources
Standard
Victory
Conquest
Starting age
Dark Age
Ending age
Imperial Age
RankedLock teamsTeams togetherTeam positionsShared explorationLock speedFull tech treeHidden civsTurbo modeCheats
Victory
Defeat
🇲🇽 Ethiopians · Mexico
1313
+15
🇻🇪 Persians · Venezuela
1168
+20
🇨🇿 Varangians · Czechia
1283
-18
🇨🇿 Danes · Czechia
1272
-17
KubiCZEch1893
6:42 Loom
9:17 Feudal Age
10:20 Double-Bit Axe
12:02 Horse Collar
19:35 Wheelbarrow
22:08 Castle Age
21:01 Scale Barding Armor
21:08 Bloodlines
22:25 Forging
22:09 Gold Mining
23:28 Chain Barding Armor
23:34 Husbandry
27:24 Iron Casting
29:37 Bow Saw
30:58 Scale Mail Armor
33:39 Arson
33:54 Squires
36:28 Fletching
37:24 Chain Mail Armor
43:47 Imperial Age
42:18 Bodkin Arrow
43:21 Elite Skirmisher
45:25 Conscription
50:38 Stone Mining
51:04 Town Watch
52:02 Ballistics
52:44 Chemistry
52:22 Padded Archer Armor
57:28 Heavy Plow
57:36 Town Patrol
58:23 Bracer
58:40 Leather Archer Armor
58:07 Treadmill Crane
60:19 Ballistics
59:57 Elite Varangian Guard
62:07 Hand Cart
WataruCZ
6:50 Loom
9:09 Feudal Age
9:54 Double-Bit Axe
10:40 Man-at-Arms
14:24 Horse Collar
17:58 Wheelbarrow
27:49 Castle Age
27:19 Forging
28:13 Scale Mail Armor
28:36 Stone Mining
28:38 Gold Mining
30:27 Squires
32:08 Fletching
35:07 Padded Archer Armor
40:52 Bodkin Arrow
42:17 Heavy Plow
45:56 Imperial Age
44:01 Thumb Ring
46:45 Bracer
46:15 Cranequins
48:53 Conscription
54:07 Chemistry
54:23 Leather Archer Armor
55:58 Ballistics
55:15 Heavy Mounted Crossbowman
56:16 Bloodlines
57:43 Husbandry
60:29 Ring Archer Armor
61:22 Chain Mail Armor
61:33 Elite Skirmisher
Smoke
7:18 Loom
9:59 Feudal Age
9:59 Man-at-Arms
10:26 Double-Bit Axe
16:19 Fletching
25:19 Castle Age
24:52 Padded Archer Armor
24:34 Horse Collar
24:46 Gold Mining
25:26 Crossbowman
26:34 Town Watch
27:31 Bodkin Arrow
28:36 Wheelbarrow
30:14 Squires
36:22 Imperial Age
35:10 Heated Shot
36:34 Arbalester
37:21 Thumb Ring
37:18 Bracer
39:26 Chemistry
39:47 Leather Archer Armor
39:43 Bow Saw
41:42 Ballistics
42:58 Ring Archer Armor
43:30 Two-Man Saw
42:31 Heavy Plow
47:12 Capped Ram
50:12 Chemistry
49:43 Siege Ram
_DLAGON_
5:54 Loom
8:38 Feudal Age
9:04 Double-Bit Axe
9:04 Horse Collar
15:28 Forging
20:27 Scale Barding Armor
24:43 Castle Age
23:42 Bloodlines
25:34 Chain Barding Armor
26:52 Husbandry
28:13 Iron Casting
31:08 Bow Saw
35:31 Wheelbarrow
38:45 Fletching
43:38 Town Watch
43:53 Bodkin Arrow
43:45 Light Cavalry
50:03 Imperial Age
47:27 Elite Skirmisher
50:03 Heavy Plow
50:42 Conscription
51:05 Plate Barding Armor
51:00 Devotion
51:18 Hussar
54:54 Blast Furnace
55:46 Padded Archer Armor
58:22 Conscription
59:06 Block Printing
58:29 Cavalier
60:32 Chemistry
61:15 Leather Archer Armor
Connection lost

Rejoining the realm…

Still unreachable

The connection could not be restored.

Session expired

The server has moved on; the page needs a fresh start.